 Dungeon Crawl Stone Soup version 0.22-a0-872-g6a232dd (webtiles) character file.

87 prawnwizard the Skirmisher (level 4, -11/36 HPs)
             Began as a Demonspawn Fighter on July 28, 2018.
             Killed by divine providence
             ... invoked by an orc priest
              (14 damage)
             ... on level 3 of the Dungeon.
             The game lasted 00:01:54 (1806 turns).

prawnwizard the Skirmisher (Demonspawn Fighter)     Turns: 1806, Time: 00:01:54

Health: -11/36     AC:  8    Str: 17    XL:     4   Next: 28%
Magic:  4/4        EV:  9    Int:  9    God:
Gold:   81         SH:  0    Dex: 13    Spells: 3/3 levels left

rFire    . . .     SeeInvis .   a - +0 long sword
rCold    . . .     Gourm    .   (no shield)
rNeg     . . .     Faith    .   b - +0 scale mail
rPois    .         Spirit   .   (no helmet)
rElec    .         Reflect  .   (no cloak)
rCorr    .         Harm     .   h - +0 pair of gloves
MR       .....                  (no boots)
Stlth    ..........             (no amulet)
HPRegen  0.12/turn              e - ring of stealth
MPRegen  0.09/turn              (no ring)

@: confused
A: talons 1, powered by death 1
a: no special abilities


You were on level 3 of the Dungeon.
You were not hungry.

You visited 1 branch of the dungeon, and saw 3 of its levels.

You collected 81 gold pieces.

Inventory:

Hand Weapons
 a - a +0 long sword (weapon)
Armour
 b - a +0 scale mail (worn)
 h - a +0 pair of gloves (worn)
Jewellery
 e - a ring of stealth (left hand)
 g - an uncursed ring of resist corrosion {unknown}
Scrolls
 i - 2 scrolls of identify {unknown}
 k - a scroll of immolation {unknown}
 l - 4 scrolls of teleportation {unknown}
 o - a scroll of remove curse {unknown}
 q - a scroll of enchant armour {unknown}
Potions
 c - a potion of agility {unknown}
 d - 2 potions of might
 j - 3 potions of flight {unknown}
 m - 2 potions of curing {unknown}
 n - 2 potions of cancellation {unknown}
Comestibles
 f - 4 rations
 p - 2 chunks of flesh


   Skills:
 + Level 3.6 Fighting
 * Level 3.2 Long Blades
 + Level 3.2 Armour
   Level 2.6 Shields


You had 3 spell levels left.
You didn't know any spells.
Your spell library was empty.

Dungeon Overview and Level Annotations

Branches:
Dungeon (3/15)

Altars:


Innate Abilities, Weirdness & Mutations

You have sharp toenails.
You regenerate a little health from kills.


Message History

You are too injured to fight recklessly!
You are too injured to fight recklessly!
You closely miss something.
Something hits you but does no damage. x2
You miss something. Your kick misses something.
Something hits you but does no damage.
You closely miss something. You claw something.
The orc priest invokes the aid of Beogh against you.
Beogh smites you!
* * * LOW HITPOINT WARNING * * *
Something hits you but does no damage.
You barely miss something.
You hear some strange, mumbled words.
You are confused.
You completely miss something.
Something hits you but does no damage. x2
You hear some strange, mumbled words.
You are more confused.
You bump into the rock wall.
The orc priest invokes the aid of Beogh against you.
Beogh smites you!
You die...

#.##..# #......
#.##..# ..##..#
# #.##..# ...
#.##..#
..>.r####.##..#
#wo{)@.....#
#.####.###.#
#.# #.#
#.###.####.#
#..........#
####.#######
#.# #.# #.#


You could see an orc priest, a dart slug and a rat.

Vanquished Creatures
  2 adders (D:2)
  A worm (D:2)
  3 dart slugs
  3 orcs
  5 giant cockroaches
  15 goblins
  5 hobgoblins
  4 jackals (D:1)
  5 bats
  2 frilled lizards (D:1)
  2 kobolds (D:1)
  3 rats
50 creatures vanquished.

Notes
Turn   | Place    | Note
-------+----------+-------------------------------------------
     0 | D:1      | prawnwizard the Demonspawn Fighter began the quest for the Orb.
     0 | D:1      | Reached XP level 1. HP: 18/18 MP: 1/1
    69 | D:1      | Gained mutation: You have sharp toenails. [demonic ancestry]
    69 | D:1      | Reached XP level 2. HP: 11/24 MP: 2/2
   378 | D:1      | You fall through a shaft!
   462 | D:2      | Reached XP level 3. HP: 29/29 MP: 3/3
  1366 | D:1      | Gained mutation: You regenerate a little health from kills. [demonic ancestry]
  1366 | D:1      | Reached XP level 4. HP: 35/35 MP: 4/4
  1806 | D:3      | Killed from afar by an orc priest

Vault maps used:
D:1:      lemuel_arrival_funnel, minmay_misc_feat_five
D:2:      grunt_ministairs_4, minmay_surrounded

Skill      XL: |  1  2  3 |
---------------+----------+-----
Long Blades    | 2 3 |  3.2
Armour         | 3 |  3.2
Fighting       | |  3.6
Shields        | |  2.6

Action                   |  1- 3 |  4- 6 || total
-------------------------+-------+-------++-------
Melee: Long sword        |    81 |    31 ||   112
       Kick              |    15 |    10 ||    25
 Stab: Sleeping          |       |     1 ||     1
  Eat: Chunk             |     1 |     2 ||     3
Armor: Scale mail        |    48 |    11 ||    59
Dodge: Dodged            |    48 |    11 ||    59
       Rpst.: Long sword |    17 |     3 ||    20

Table legend:
 A = Spawn XP
 B = Non-spawn XP
 C = Spawn XP percentage of total XP
 D = Spawn monster count
 E = Non-spawn monster count
 F = Spawn count percentage of total count
 G = Total turns spent on level
                    A         B        C        D         E        F      G
               +---------+---------+-------+---------+---------+-------+---------
         Total |       0 |     125 |   0.0 |       0 |      50 |   0.0 |  1806
               +---------+---------+-------+---------+---------+-------+---------
           D:1 |       0 |      49 |   0.0 |       0 |      25 |   0.0 |   797
           D:2 |       0 |      66 |   0.0 |       0 |      21 |   0.0 |   963
           D:3 |       0 |      10 |   0.0 |       0 |       4 |   0.0 |    46
               +---------+---------+-------+---------+---------+-------+---------
